Workbook

Sheet Bank reconciliation
A1: Bank reconciliation
A2: Replace the blue cells with your own figures. The example values reconcile to zero so you can see how it works.
A4: Company | B4: Example Co.
A5: Bank account | B5: Operating account ending 4821
A6: Statement date | B6: 2026-10-31
A7: Prepared by and date
A8: Reviewed by and date
A10: Balance per bank statement | C10: 48250 | E10: The ending balance on the bank statement for the period.
A12: Add: deposits in transit | E12: Deposits recorded in your books that the bank hadn't posted by the statement date.
A13: Date | B13: Description | C13: Amount
A14: 2026-10-31 | B14: Customer deposit | C14: 3400
A15: 2026-10-31 | B15: Card settlement | C15: 1125.5
B24: Total deposits in transit | C24: =SUM(C14:C23) -> 4525.5
A26: Less: outstanding checks | E26: Checks and payments recorded in your books that hadn't cleared the bank.
A27: Check no. | B27: Payee | C27: Amount
A28: 1047 | B28: Office lease | C28: 2800
A29: 1052 | B29: Supplier payment | C29: 1615.75
B43: Total outstanding checks | C43: =SUM(C28:C42) -> 4415.75
A45: Add or less: bank errors | E45: Errors the bank made. Enter amounts that increase the bank balance as positive, decreases as negative.
A46: Date | B46: Description | C46: Amount
B50: Total bank errors | C50: =SUM(C47:C49) -> 0
A52: Adjusted bank balance | C52: =C10+C24-C43+C50 -> 48359.75
A55: Balance per general ledger | C55: 48796.33 | E55: The cash account balance in your books on the statement date.
A57: Add: bank credits not yet in the books | E57: Interest earned, collections the bank received for you, other credits on the statement.
A58: Date | B58: Description | C58: Amount
A59: 2026-10-31 | B59: Interest earned | C59: 18.42
B65: Total additions | C65: =SUM(C59:C64) -> 18.42
A67: Less: bank charges not yet in the books | E67: Service fees, returned (NSF) customer checks, other debits on the statement.
A68: Date | B68: Description | C68: Amount
A69: 2026-10-31 | B69: Monthly service fee | C69: 35
A70: 2026-10-24 | B70: Returned customer check (NSF) | C70: 420
B77: Total deductions | C77: =SUM(C69:C76) -> 455
A79: Add or less: book errors | E79: Errors in your books, such as a transposed amount. Positive increases the book balance.
A80: Date | B80: Description | C80: Amount
B84: Total book errors | C84: =SUM(C81:C83) -> 0
A86: Adjusted book balance | C86: =C55+C65-C77+C84 -> 48359.75
A89: Difference | C89: =ROUND(C52-C86,2) -> 0
A90: Status | C90: =IF(C89=0,"Reconciled","Investigate") -> Reconciled
A92: Free template from AI Accounting Vendors, aiaccountingvendors.com/tools/bank-reconciliation-template. Not accounting advice.

Sheet Journal entries
A1: Journal entries to record
A2: Only book-side items need entries; bank-side items clear on their own. Rename the offset accounts to match your chart of accounts.
A4: Item | B4: Debit | C4: Credit | D4: Amount
A5: =IF('Bank reconciliation'!C59=0,"",'Bank reconciliation'!B59) -> Interest earned | B5: =IF('Bank reconciliation'!C59=0,"","Cash") -> Cash | C5: =IF('Bank reconciliation'!C59=0,"","Interest income or receivable") -> Interest income or receivable | D5: =IF('Bank reconciliation'!C59=0,"",'Bank reconciliation'!C59) -> 18.42
A6: =IF('Bank reconciliation'!C60=0,"",'Bank reconciliation'!B60) | B6: =IF('Bank reconciliation'!C60=0,"","Cash") | C6: =IF('Bank reconciliation'!C60=0,"","Interest income or receivable") | D6: =IF('Bank reconciliation'!C60=0,"",'Bank reconciliation'!C60)
A7: =IF('Bank reconciliation'!C61=0,"",'Bank reconciliation'!B61) | B7: =IF('Bank reconciliation'!C61=0,"","Cash") | C7: =IF('Bank reconciliation'!C61=0,"","Interest income or receivable") | D7: =IF('Bank reconciliation'!C61=0,"",'Bank reconciliation'!C61)
A8: =IF('Bank reconciliation'!C62=0,"",'Bank reconciliation'!B62) | B8: =IF('Bank reconciliation'!C62=0,"","Cash") | C8: =IF('Bank reconciliation'!C62=0,"","Interest income or receivable") | D8: =IF('Bank reconciliation'!C62=0,"",'Bank reconciliation'!C62)
A9: =IF('Bank reconciliation'!C63=0,"",'Bank reconciliation'!B63) | B9: =IF('Bank reconciliation'!C63=0,"","Cash") | C9: =IF('Bank reconciliation'!C63=0,"","Interest income or receivable") | D9: =IF('Bank reconciliation'!C63=0,"",'Bank reconciliation'!C63)
A10: =IF('Bank reconciliation'!C64=0,"",'Bank reconciliation'!B64) | B10: =IF('Bank reconciliation'!C64=0,"","Cash") | C10: =IF('Bank reconciliation'!C64=0,"","Interest income or receivable") | D10: =IF('Bank reconciliation'!C64=0,"",'Bank reconciliation'!C64)
A11: =IF('Bank reconciliation'!C69=0,"",'Bank reconciliation'!B69) -> Monthly service fee | B11: =IF('Bank reconciliation'!C69=0,"","Bank fees or accounts receivable") -> Bank fees or accounts receivable | C11: =IF('Bank reconciliation'!C69=0,"","Cash") -> Cash | D11: =IF('Bank reconciliation'!C69=0,"",'Bank reconciliation'!C69) -> 35
A12: =IF('Bank reconciliation'!C70=0,"",'Bank reconciliation'!B70) -> Returned customer check (NSF) | B12: =IF('Bank reconciliation'!C70=0,"","Bank fees or accounts receivable") -> Bank fees or accounts receivable | C12: =IF('Bank reconciliation'!C70=0,"","Cash") -> Cash | D12: =IF('Bank reconciliation'!C70=0,"",'Bank reconciliation'!C70) -> 420
A13: =IF('Bank reconciliation'!C71=0,"",'Bank reconciliation'!B71) | B13: =IF('Bank reconciliation'!C71=0,"","Bank fees or accounts receivable") | C13: =IF('Bank reconciliation'!C71=0,"","Cash") | D13: =IF('Bank reconciliation'!C71=0,"",'Bank reconciliation'!C71)
A14: =IF('Bank reconciliation'!C72=0,"",'Bank reconciliation'!B72) | B14: =IF('Bank reconciliation'!C72=0,"","Bank fees or accounts receivable") | C14: =IF('Bank reconciliation'!C72=0,"","Cash") | D14: =IF('Bank reconciliation'!C72=0,"",'Bank reconciliation'!C72)
A15: =IF('Bank reconciliation'!C73=0,"",'Bank reconciliation'!B73) | B15: =IF('Bank reconciliation'!C73=0,"","Bank fees or accounts receivable") | C15: =IF('Bank reconciliation'!C73=0,"","Cash") | D15: =IF('Bank reconciliation'!C73=0,"",'Bank reconciliation'!C73)
A16: =IF('Bank reconciliation'!C74=0,"",'Bank reconciliation'!B74) | B16: =IF('Bank reconciliation'!C74=0,"","Bank fees or accounts receivable") | C16: =IF('Bank reconciliation'!C74=0,"","Cash") | D16: =IF('Bank reconciliation'!C74=0,"",'Bank reconciliation'!C74)
A17: =IF('Bank reconciliation'!C75=0,"",'Bank reconciliation'!B75) | B17: =IF('Bank reconciliation'!C75=0,"","Bank fees or accounts receivable") | C17: =IF('Bank reconciliation'!C75=0,"","Cash") | D17: =IF('Bank reconciliation'!C75=0,"",'Bank reconciliation'!C75)
A18: =IF('Bank reconciliation'!C76=0,"",'Bank reconciliation'!B76) | B18: =IF('Bank reconciliation'!C76=0,"","Bank fees or accounts receivable") | C18: =IF('Bank reconciliation'!C76=0,"","Cash") | D18: =IF('Bank reconciliation'!C76=0,"",'Bank reconciliation'!C76)
A19: =IF('Bank reconciliation'!C81=0,"",'Bank reconciliation'!B81) | B19: =IF('Bank reconciliation'!C81=0,"",IF('Bank reconciliation'!C81>0,"Cash","Account to correct")) | C19: =IF('Bank reconciliation'!C81=0,"",IF('Bank reconciliation'!C81>0,"Account to correct","Cash")) | D19: =IF('Bank reconciliation'!C81=0,"",ABS('Bank reconciliation'!C81))
A20: =IF('Bank reconciliation'!C82=0,"",'Bank reconciliation'!B82) | B20: =IF('Bank reconciliation'!C82=0,"",IF('Bank reconciliation'!C82>0,"Cash","Account to correct")) | C20: =IF('Bank reconciliation'!C82=0,"",IF('Bank reconciliation'!C82>0,"Account to correct","Cash")) | D20: =IF('Bank reconciliation'!C82=0,"",ABS('Bank reconciliation'!C82))
A21: =IF('Bank reconciliation'!C83=0,"",'Bank reconciliation'!B83) | B21: =IF('Bank reconciliation'!C83=0,"",IF('Bank reconciliation'!C83>0,"Cash","Account to correct")) | C21: =IF('Bank reconciliation'!C83=0,"",IF('Bank reconciliation'!C83>0,"Account to correct","Cash")) | D21: =IF('Bank reconciliation'!C83=0,"",ABS('Bank reconciliation'!C83))
A23: Returned (NSF) checks are usually charged back to the customer's receivable; service fees go to bank fees expense.

Sheet How to use
A1: Bank reconciliation: how to use this template
A3: 1. Enter the ending balance from the bank statement (cell C10) and your general ledger cash balance on the same date (C55).
A4: 2. List deposits you recorded that the bank hadn't posted (deposits in transit) and payments that hadn't cleared (outstanding checks).
A5: 3. List items on the bank statement that aren't in your books yet: interest and other credits, service fees and returned checks.
A6: 4. Record any errors, by the bank or in your books, with a sign: positive increases that side's balance.
A7: 5. The difference (C89) should be zero. If it isn't, look for amounts entered twice, transposed digits, or items on the wrong side.
A8: 6. Post the entries on the Journal entries sheet so your books match the adjusted balance, then attach the statement and sign off.
A10: Blue cells on a light yellow fill are inputs. Black cells are formulas; leave them as they are.
A11: Interactive version and guide: https://aiaccountingvendors.com/tools/bank-reconciliation-template
